Map: Acid Plant LE

Players

uThermaL - Winner!

  • Race: Terran Terran
  • Spawn Location: 5:00

Denver

  • Race: Zerg Zerg
  • Spawn Location: 11:00

Event: WCS Montreal 2018

VOD

Have the link to the VOD?

Description

Time

  • Played on: Sept. 8, 2018, 3:36 p.m.
  • Length: 11:17

All games in this series

Show
View Real Time Build Order
Export as new Build Order

uThermaL Terran - Winner!

Build Orders: Reaper Expand, Bio Tank, Hellion Banshee 

Get SALT Encoding   

  12  0:01  SCV  
  13  0:13  SCV  
  14  0:17  Supply Depot  
  14  0:25  SCV  
  15  0:38  SCV  
  15  0:40  Barracks  
  16  0:43  Refinery  
  16  0:50  SCV  
  17  1:02  SCV  
  18  1:15  SCV  
  19  1:27  Reaper, Orbital Command  
  20  1:39  Command Center  
  20  1:49  Supply Depot  
  20  1:52  SCV  
  21  1:59  Marine  
  22  2:05  SCV  
  22  2:07  Factory  
  23  2:16  Marine  
  23  2:17  SCV  
  25  2:38  SCV  
  25  2:40  Command Center  
  25  2:41  Barracks Reactor  
  25  2:50  SCV  
  26  2:54  Hellion  
  27  2:59  Command Center  
  27  3:02  SCV  
  28  3:08  Supply Depot  
  28  3:14  SCV  
  28  3:17  Hellion  
  31  3:23  Starport  
  31  3:30  Refinery, SCV  
  32  3:42  SCV  
  32  3:45  Hellion x2  
  37  3:48  Barracks Tech Lab  
  37  3:54  SCV  
  38  4:06  SCV  
  38  4:09  Banshee  
  39  4:10  Hellion  
  39  4:16  Orbital Command  
  44  4:21  Orbital Command  
  44  4:28  Hellion  
  46  4:34  SCV  
  46  4:37  Barracks Tech Lab  
  49  4:43  SCV  
  48  4:46  SCV  
  48  4:48  SCV  
  50  4:55  SCV  
  50  4:56  Marine  
  50  4:57  Stimpack  
  50  4:58  Siege Tank, SCV  
  56  5:00  SCV, Barracks  
  57  5:07  SCV  
  57  5:09  Starport Reactor  
  57  5:10  Barracks  
  57  5:12  Refinery, SCV  
  57  5:13  SCV  
  60  5:15  Marine  
  60  5:21  SCV  
  62  5:22  Supply Depot  
  62  5:26  SCV x2  
  64  5:30  Siege Tank  
  67  5:37  Engineering Bay  
  67  5:38  SCV x2  
  67  5:39  Engineering Bay  
  69  5:44  Marine  
  69  5:47  Refinery, Supply Depot  
  69  5:48  Marine  
  71  5:51  Marine  
  71  5:53  SCV x2  
  71  5:55  Starport Reactor  
  74  6:00  Supply Depot  
  74  6:02  Supply Depot, Marine, SCV  
  76  6:06  Terran Infantry Weapons Level 1  
  76  6:07  Terran Infantry Armor Level 1  
  76  6:12  Marine  
  76  6:16  Marine, SCV  
  76  6:17  Marine  
  80  6:19  Orbital Command  
  80  6:20  Siege Tank  
  80  6:21  Supply Depot, Marine  
  80  6:22  Marine  
  80  6:23  SCV  
  86  6:29  SCV  
  86  6:32  Medivac x2  
  91  6:33  Marine  
  91  6:34  Marine  
  91  6:35  SCV  
  94  6:43  Marine x2  
  94  6:44  Marine  
  94  6:46  SCV  
  94  6:47  SCV  
  87  6:51  Marine  
  87  6:54  Supply Depot, Barracks x2  
  88  6:55  Siege Tank  
  87  7:03  Medivac x2  
  87  7:04  SCV  
  92  7:08  Armory  
  92  7:09  SCV  
  92  7:10  Marine  
  92  7:11  Marine  
  95  7:16  SCV  
  95  7:17  Factory  
  95  7:19  SCV  
  97  7:23  Refinery  
  97  7:24  SCV  
  97  7:28  SCV  
  98  7:30  Marine  
  98  7:31  SCV  
  98  7:33  Refinery, Siege Tank  
  98  7:36  SCV  
  104  7:38  Marine  
  104  7:40  SCV  
  104  7:41  Supply Depot  
  104  7:42  Barracks Reactor x2  
  104  7:43  SCV  
  107  7:47  Marine x2  
  107  7:48  SCV  
  107  7:50  Marine  
  111  7:52  SCV  
  111  7:54  Supply Depot  
  111  7:55  SCV  
  111  7:56  Marine x2  
  115  8:00  SCV  
  115  8:01  Combat Shields  
  115  8:04  SCV  
  115  8:05  Marine  
  118  8:06  Factory Tech Lab, Marine  
  118  8:07  Terran Infantry Weapons Level 2  
  118  8:08  Marine  
  120  8:13  Supply Depot  
  120  8:14  Terran Infantry Armor Level 2  
  120  8:18  SCV  
  120  8:19  Marine x2  
  123  8:21  Sensor Tower  
  123  8:22  Marine  
  123  8:24  Siege Tank  
  126  8:29  Marine x2  
  126  8:30  Supply Depot  
  128  8:38  Terran Vehicle Weapons Level 1, Marine x3  
  128  8:40  Marine  
  128  8:41  Supply Depot  
  132  8:44  Marine  
  132  8:46  Siege Tank  
  132  8:47  Supply Depot, Marine x2  
  135  8:49  Marine  
  135  8:55  Medivac x2  
  138  8:56  Supply Depot, Marine  
  138  8:57  Marine  
  138  9:00  Marine  
  138  9:01  Marine  
  144  9:05  Marine  
  144  9:07  Supply Depot, Marine  
  146  9:11  Marine  
  146  9:16  Marine  
  148  9:20  Command Center  
  148  9:21  Marine x2  
  150  9:24  Marine  
  150  9:25  Medivac  
  150  9:26  Marine x2  
  150  9:31  Siege Tank  
  158  9:35  Siege Tank  
  158  9:36  Supply Depot, Marine  
  162  9:39  Marine x2  
  162  9:40  Marine  
  162  9:41  Marine  
  162  9:42  Marine  
  162  9:45  Marine  
  168  9:47  Marine  
  168  9:49  Marine  
  168  9:52  Supply Depot  
  170  9:53  Marine  
  170  9:58  Medivac x2  
  170  9:59  Marine x2  
  176  10:00  Supply Depot  
  176  10:01  Marine  
  178  10:11  Marine  
  178  10:12  Siege Tank, Marine  
  178  10:13  Marine  
  184  10:15  Siege Tank, Marine x2  
  184  10:16  Marine  
  190  10:24  Marine  
  191  10:32  Marine  
  191  10:33  Marine  
  162  10:36  Marine  
  162  10:37  Marine x5  
  162  10:42  Marine  
  169  10:44  Siege Tank  
  170  10:50  Marine  
  170  10:51  Marine  
  170  10:54  Marine x2  
  170  10:55  Marine x2  
  165  11:04  SCV  
Show
View Real Time Build Order
Export as new Build Order

Denver Zerg 

Build Orders: Pool First 

Get SALT Encoding   

  12  0:00  Drone  
  13  0:08  Drone  
  14  0:14  Extractor  
  14  0:15  Drone  
  14  0:31  Spawning Pool  
  14  0:35  Drone  
  14  0:41  Extractor  
  14  0:42  Drone  
  15  0:50  Overlord  
  15  1:18  Zergling x6, Metabolic Boost  
  18  1:29  Zergling x2  
  19  1:39  Hatchery  
  18  1:43  Zergling x2  
  19  1:52  Queen  
  21  2:00  Overlord  
  21  2:06  Drone  
  22  2:21  Zergling x2  
  23  2:29  Zergling x2  
  24  2:30  Queen  
  24  2:34  Drone  
  27  2:45  Drone  
  27  2:51  Queen  
  28  2:53  Drone  
  28  2:56  Drone  
  32  3:01  Overlord  
  32  3:03  Drone x2  
  32  3:04  Drone  
  35  3:09  Drone  
  36  3:20  Drone  
  36  3:21  Drone  
  36  3:25  Drone  
  39  3:31  Drone  
  40  3:40  Hatchery  
  39  3:42  Drone x2  
  39  3:44  Drone  
  39  3:48  Drone  
  42  3:51  Overlord  
  42  3:53  Drone  
  43  4:00  Evolution Chamber  
  43  4:01  Drone  
  43  4:12  Drone x4  
  43  4:13  Baneling Nest  
  43  4:14  Drone  
  47  4:19  Overlord  
  47  4:21  Zergling x2  
  48  4:29  Zerg Melee Weapons Level 1  
  48  4:32  Zergling x6  
  48  4:35  Overlord  
  51  4:39  Queen  
  51  4:45  Overlord  
  53  4:49  Drone x4  
  53  4:51  Drone  
  58  4:54  Overlord  
  58  4:57  Drone  
  59  5:02  Drone x2, Extractor  
  59  5:03  Drone  
  59  5:04  Spore Crawler  
  59  5:08  Drone, Spore Crawler  
  59  5:13  Zergling x6  
  60  5:19  Zergling x4, Spore Crawler  
  61  5:25  Lair  
  61  5:26  Drone  
  61  5:27  Drone  
  63  5:29  Drone  
  63  5:32  Drone x2  
  63  5:34  Drone  
  68  5:35  Drone  
  68  5:40  Drone x3  
  71  5:45  Zergling x6  
  74  5:52  Overlord  
  74  6:00  Zergling x2  
  74  6:01  Zergling x4  
  74  6:03  Hatchery  
  76  6:08  Zergling x12  
  82  6:14  Zergling x8  
  86  6:22  Drone x7  
  93  6:30  Zergling x2  
  93  6:31  Centrifical Hooks, Zergling x4  
  89  6:42  Zergling x10  
  89  6:46  Zerg Ground Armor Level 1  
  90  6:48  Evolution Chamber  
  90  6:50  Extractor x2  
  90  6:51  Hydralisk Den, Baneling x6  
  90  6:52  Zergling x6  
  89  6:55  Zergling x6  
  89  7:01  Drone  
  83  7:05  Drone  
  83  7:06  Drone  
  82  7:09  Burrow  
  82  7:10  Drone x2, Extractor  
  82  7:11  Drone x2  
  82  7:14  Overlord  
  82  7:15  Drone x3  
  88  7:16  Drone  
  88  7:20  Hatchery  
  88  7:25  Drone x2  
  88  7:27  Drone x2  
  88  7:29  Zergling x2  
  91  7:32  Zerg Melee Weapons Level 2  
  91  7:35  Zergling x8  
  95  7:39  Queen  
  95  7:42  Baneling  
  95  7:43  Baneling x2  
  97  7:45  Zergling x12  
  97  7:49  Overlord x2  
  103  7:53  Overlord  
  103  7:56  Overlord  
  103  7:58  Overlord  
  103  8:01  Overlord  
  103  8:05  Overlord  
  103  8:08  Grooved Spines  
  103  8:10  Drone x6  
  103  8:11  Drone  
  110  8:14  Drone  
  110  8:15  Drone x2  
  110  8:16  Pneumatized Carapace  
  113  8:20  Zergling x8  
  113  8:22  Baneling x4  
  113  8:23  Baneling  
  113  8:24  Baneling  
  113  8:26  Zergling x2  
  118  8:27  Zergling x4  
  118  8:32  Zergling x10  
  123  8:39  Zergling x16  
  123  8:40  Zergling x2  
  132  8:45  Zergling x10  
  135  8:49  Hydralisk x2  
  135  8:50  Hydralisk  
  141  8:57  Hydralisk x4  
  141  9:00  Overlord  
  149  9:07  Zergling x16  
  151  9:12  Queen, Infestation Pit  
  151  9:15  Queen  
  154  9:17  Baneling x7  
  154  9:18  Baneling x2  
  154  9:19  Baneling  
  154  9:20  Muscular Augments  
  154  9:21  Zergling x4  
  156  9:28  Baneling  
  156  9:29  Baneling x5  
  156  9:34  Hydralisk, Zergling x2  
  156  9:35  Zergling x8  
  156  9:37  Overlord, Hatchery  
  162  9:43  Overlord  
  162  9:44  Hydralisk x2  
  165  9:47  Overlord  
  165  9:49  Overlord  
  165  9:52  Overlord  
  164  10:00  Hydralisk x2  
  164  10:01  Overlord  
  164  10:05  Extractor  
  167  10:08  Drone x3  
  167  10:09  Overlord, Extractor  
  168  10:16  Zergling x18  
  177  10:24  Zergling x16  
  185  10:34  Zergling x22  
  151  10:37  Zergling x4  
  151  10:41  Baneling x13  
  148  10:44  Zergling x4  
  148  10:49  Hydralisk, Zergling x8  
  148  10:53  Zergling x2  
  148  10:54  Zergling x6  
  125  10:58  Zergling x2  
  125  10:59  Zergling x4  
Tags
 
Add a new tag
Caveats
  • Supply blocks, unpowered buildings, or Contaminate may cause inaccurate times.
  • Supply counts are checked every 10 seconds.